 Dungeon Crawl Stone Soup version 0.21.1-1-g345015f (webtiles) character file.

203 4thArraOfDagon the Grave Robber (level 5, 1/37 HPs)
             Began as a Gnoll Necromancer on June 13, 2018.
             Quit the game on level 7 of the Dungeon.
             The game lasted 00:06:40 (876 turns).

4thArraOfDagon the Grave Robber (Gnoll Necromancer)  Turns: 876, Time: 00:06:41

Health: 1/37       AC:  6    Str: 10    XL:     5   Next: 81%
Magic:  2/11       EV: 12    Int: 19    God:
Gold:   35         SH:  0    Dex: 15    Spells: 7/14 levels left

rFire    + . .     SeeInvis .     - Unarmed
rCold    + . .     Gourm    .   (no shield)
rNeg     . . .     Faith    .   j - +0 ring mail
rPois    .         Spirit   .   (no helmet)
rElec    .         Reflect  .   (no cloak)
rCorr    .         Harm     .   d - +0 pair of gloves
MR       .....     Rnd*Tele +   (no boots)
Stlth    ++........             (no amulet)
HPRegen  1.12/turn              f - ring of protection from cold
MPRegen  0.12/turn              g - ring of teleportation (curse)

@: very slightly contaminated, regenerating
A: distributed training, fangs 1, fire resistance 1, low mp 1, strong nose
a: no special abilities


You were on level 7 of the Dungeon.
You were very hungry.

You visited 1 branch of the dungeon, and saw 7 of its levels.

You collected 35 gold pieces.

Inventory:

Armour
 a - a +0 robe
 d - a +0 pair of gloves (worn)
 j - a +0 ring mail (worn)
Jewellery
 f - a ring of protection from cold (left hand)
 g - a cursed ring of teleportation (right hand)
Scrolls
 e - a scroll of remove curse
Books
 b - a book of Necromancy

   Spells                             Type                      Level
   a - Pain                           Necromancy                   1
   b - Animate Skeleton               Necromancy                   1
   c - Vampiric Draining              Necromancy                   3
   d - Regeneration                   Charms/Necromancy            3
   e - Animate Dead                   Necromancy                   4
   f - Borgnjor's Vile Clutch         Necromancy/Earth             5
Comestibles
 c - 7 rations


   Skills:
 + Level 1.6 Fighting
 + Level 1.6 Short Blades
 + Level 1.6 Long Blades
 + Level 1.6 Axes
 + Level 1.6 Maces & Flails
 + Level 1.6 Polearms
 + Level 1.6 Staves
 + Level 1.6 Slings
 + Level 1.6 Bows
 + Level 1.6 Crossbows
 + Level 1.6 Throwing
 + Level 1.6 Armour
 + Level 4.8 Dodging
 + Level 4.4 Stealth
 + Level 1.6 Shields
 + Level 1.6 Unarmed Combat
 + Level 5.2 Spellcasting
 + Level 1.2 Conjurations
 + Level 1.2 Hexes
 + Level 1.2 Charms
 + Level 1.2 Summonings
 + Level 7.2 Necromancy
 + Level 1.2 Translocations
 + Level 1.2 Transmutations
 + Level 1.2 Fire Magic
 + Level 1.2 Ice Magic
 + Level 1.2 Air Magic
 + Level 1.2 Earth Magic
 + Level 1.2 Poison Magic
 + Level 1.8 Invocations
 + Level 1.6 Evocations


You had 7 spell levels left.
You knew the following spells:

 Your Spells              Type           Power        Failure   Level  Hunger
a - Pain                  Necr           ####         1%          1    None
b - Vampiric Draining     Necr           ####......   4%          3    ##.....
c - Regeneration          Chrm/Necr      ###.......   16%         3    ##.....


Dungeon Overview and Level Annotations

Branches:
Dungeon (7/15)
 Temple: D:4-7

Altars:
Fedhas
Xom


Innate Abilities, Weirdness & Mutations

Your experience applies equally to all skills.
You have very sharp teeth.
Your uncanny sense of smell can sniff out nearby items.
Your flesh is heat resistant. (rF+)
Your magical capacity is low. (-10% MP)


Message History

Your skin glows momentarily.
The gnoll hits you from afar with a halberd.
The gnoll hits you with a flail!
Casting: Regeneration
Confirm with . or Enter, or press ? or * to list all spells.
Your skin crawls.
The gnoll closely misses you.
Unknown command.
Unknown command.
You closely miss the gnoll. Your bite misses the gnoll.
The gnoll is heavily wounded.
The gnoll hits you with a flail.
* * * LOW HITPOINT WARNING * * *
The gnoll closely misses you.
Unknown command.
You hit the gnoll but do no damage.
The gnoll is heavily wounded.
The gnoll hits you with a flail!
* * * LOW HITPOINT WARNING * * *
Unknown command.
Are you sure you want to abandon this character and quit the game? (Confirm with "yes".)

### #@#
#g# #g#
#g# #g# .#
###.### ..
#.....#
#.....####
#
#.....g..#
#


You could see 4 gnolls.

Vanquished Creatures
  A bullfrog (D:6)
  A water moccasin skeleton (D:5)
  A bullfrog skeleton (D:6)
  3 adders
  An ooze (D:2)
  A dart slug (D:1)
  5 orcs (D:3)
  A giant cockroach (D:3)
  2 goblins
  2 hobgoblins
  5 jackals
  2 quokkas
  2 frilled lizards (D:1)
  A kobold (D:1)
28 creatures vanquished.

Vanquished Creatures (others)
  18 toadstools (D:2)
18 creatures vanquished.

Grand Total: 46 creatures vanquished

Notes
Turn   | Place    | Note
-------+----------+-------------------------------------------
     0 | D:1      | 4thArraOfDagon the Gnoll Necromancer began the quest for the Orb.
     0 | D:1      | Reached XP level 1. HP: 13/13 MP: 6/6
    35 | D:1      | Reached XP level 2. HP: 3/19 MP: 0/7
   137 | D:2      | Found a blossoming altar of Fedhas.
   176 | D:2      | Sergey: also item detecting very nice for turn shaving
   222 | D:3      | Reached skill level 5 in Spellcasting
   222 | D:3      | Reached XP level 3. HP: 9/25 MP: 2/9
   223 | D:3      | Sergey: better than DD's passively mapping
   223 | D:3      | 4thArraOfDagon: so it all comes down to item luck
   233 | D:2      | Learned a level 3 spell: Vampiric Draining
   308 | D:3      | Sergey: for 15runeI think you need just statue
   312 | D:3      | Reached skill level 1 in Invocations
   351 | D:3      | Sergey: and some good resistances
   354 | D:3      | Gained mutation: Armour fits poorly on your strangely shaped body. [potion of mutation]
   354 | D:3      | Gained mutation: Your spells are a little harder to cast, but a little more powerful. [potion of mutation]
   354 | D:3      | Gained mutation: Your movements are slightly less encumbered by armour. (ER -2) [potion of mutation]
   366 | D:3      | Sergey: and PoG
   388 | D:3      | Reached skill level 1 in Fighting
   388 | D:3      | Reached skill level 1 in Short Blades
   388 | D:3      | Reached skill level 1 in Long Blades
   388 | D:3      | Reached skill level 1 in Axes
   388 | D:3      | Reached skill level 1 in Maces & Flails
   388 | D:3      | Reached skill level 1 in Polearms
   388 | D:3      | Reached skill level 1 in Staves
   388 | D:3      | Reached skill level 1 in Slings
   388 | D:3      | Reached skill level 1 in Bows
   388 | D:3      | Reached skill level 1 in Crossbows
   388 | D:3      | Reached skill level 1 in Throwing
   388 | D:3      | Reached skill level 1 in Armour
   388 | D:3      | Reached skill level 1 in Shields
   388 | D:3      | Reached skill level 1 in Unarmed Combat
   388 | D:3      | Reached skill level 1 in Evocations
   406 | D:3      | Learned a level 3 spell: Regeneration
   456 | D:5      | Entered Level 5 of the Dungeon
   475 | D:4      | Lost mutation: Armour fits poorly on your strangely shaped body. [potion of mutation]
   475 | D:4      | Lost mutation: Your spells are a little harder to cast, but a little more powerful. [potion of mutation]
   475 | D:4      | Gained mutation: You are somewhat resistant to further mutation. [potion of mutation]
   476 | D:4      | Lost mutation: You are somewhat resistant to further mutation. [potion of mutation]
   476 | D:4      | Lost mutation: Your movements are slightly less encumbered by armour. (ER -2) [potion of mutation]
   476 | D:4      | Gained mutation: You are dopey. (Int -2) [potion of mutation]
   476 | D:4      | Gained mutation: Your magical capacity is low. (-10% MP) [potion of mutation]
   476 | D:4      | Gained mutation: Your flesh is heat resistant. (rF+) [potion of mutation]
   476 | D:4      | Lost mutation: You are dopey. (Int -2) [potion of mutation]
   523 | D:5      | HP: 1/26 [water moccasin skeleton (2)]
   529 | D:5      | Reached skill level 1 in Conjurations
   529 | D:5      | Reached skill level 1 in Hexes
   529 | D:5      | Reached skill level 1 in Charms
   529 | D:5      | Reached skill level 1 in Summonings
   529 | D:5      | Reached skill level 1 in Translocations
   529 | D:5      | Reached skill level 1 in Transmutations
   529 | D:5      | Reached skill level 1 in Fire Magic
   529 | D:5      | Reached skill level 1 in Ice Magic
   529 | D:5      | Reached skill level 1 in Air Magic
   529 | D:5      | Reached skill level 1 in Earth Magic
   529 | D:5      | Reached skill level 1 in Poison Magic
   529 | D:5      | Reached XP level 4. HP: 6/32 MP: 0/10
   628 | D:6      | Noticed a bullfrog
   639 | D:6      | Killed a bullfrog
   639 | D:6      | Reached XP level 5. HP: 16/37 MP: 2/11
   677 | D:6      | Noticed an orc warrior
   724 | D:6      | Found a shimmering altar of Xom.
   872 | D:7      | 4thArraOfDagon: rip
   872 | D:7      | 4thArraOfDagon: its tough!
   872 | D:7      | Sergey: roll bvc
   875 | D:7      | HP: 1/37 [gnoll/flail (9)]
   876 | D:7      | Quit the game

Skill      XL: |  1  2  3 |
---------------+----------+-----
Spellcasting   | 5 |  5.2
Invocations    | 1 |  1.8
Fighting       | 1 |  1.6
Short Blades   | 1 |  1.6
Long Blades    | 1 |  1.6
Axes           | 1 |  1.6
Maces & Flails | 1 |  1.6
Polearms       | 1 |  1.6
Staves         | 1 |  1.6
Slings         | 1 |  1.6
Bows           | 1 |  1.6
Crossbows      | 1 |  1.6
Throwing       | 1 |  1.6
Armour         | 1 |  1.6
Shields        | 1 |  1.6
Unarmed Combat | 1 |  1.6
Evocations     | 1 |  1.6
Conjurations   | 1 |  1.2
Hexes          | 1 |  1.2
Charms         | 1 |  1.2
Summonings     | 1 |  1.2
Translocations | 1 |  1.2
Transmutations | 1 |  1.2
Fire Magic     | 1 |  1.2
Ice Magic      | 1 |  1.2
Air Magic      | 1 |  1.2
Earth Magic    | 1 |  1.2
Poison Magic   | 1 |  1.2
Dodging        | |  4.8
Stealth        | |  4.4
Necromancy     | |  7.2

Action                   |  1- 3 |  4- 6 || total
-------------------------+-------+-------++-------
Melee: Unarmed           |    89 |    29 ||   118
       Bite              |    12 |     6 ||    18
 Cast: Pain              |    29 |       ||    29
       Vampiric Draining |     4 |     5 ||     9
       Regeneration      |     3 |     3 ||     6
  Use: Potion            |     7 |       ||     7
       Scroll            |     1 |     3 ||     4
Armor: Robe              |     6 |       ||     6
       Ring mail         |    15 |    17 ||    32
Dodge: Dodged            |    79 |    33 ||   112
